Map: Emerald City LE

Players

xXtheCreedXx

  • Race: Zerg Zerg
  • Spawn Location: 5:00

TheNevermind

  • Race: Protoss Protoss
  • Spawn Location: 5:00

Throwfordays

  • Race: Protoss Protoss
  • League: Silver
  • Spawn Location: 11:00

Faust

  • Race: Zerg Zerg
  • League: Diamond
  • Spawn Location: 11:00

VOD

Have the link to the VOD?

Description

Time

  • Played on: Feb. 2, 2019, 11:50 p.m.
  • Length: 24:19
Show
View Real Time Build Order
Export as new Build Order

xXtheCreedXx Zerg 

Build Orders: Hatch First, Lurkers 

Get SALT Encoding   

  12  0:01  Drone  
  13  0:12  Overlord  
  13  0:39  Hatchery  
  12  0:44  Drone  
  12  0:46  Drone  
  14  1:06  Spawning Pool  
  14  1:09  Extractor  
  14  1:10  Drone  
  13  1:15  Drone  
  14  1:20  Drone  
  14  1:23  Drone  
  16  1:33  Drone  
  17  1:44  Drone  
  18  1:52  Queen  
  20  1:55  Queen  
  22  2:02  Drone x2  
  22  2:06  Drone  
  25  2:12  Overlord  
  25  2:19  Zergling x2  
  25  2:20  Zergling x2  
  27  2:25  Zergling x2  
  27  2:29  Spine Crawler  
  27  2:44  Zergling x2  
  27  2:45  Zergling x6  
  30  2:53  Metabolic Boost  
  30  2:58  Roach Warren  
  30  2:59  Drone  
  30  3:03  Zergling x4  
  32  3:17  Baneling Nest  
  32  3:19  Evolution Chamber  
  31  3:25  Extractor  
  30  3:29  Zergling x10  
  35  3:35  Spine Crawler  
  35  3:38  Spine Crawler  
  33  3:50  Zerg Melee Weapons Level 1  
  33  3:57  Overlord  
  20  4:11  Zergling x2  
  20  4:12  Zergling x4  
  20  4:25  Zergling x4  
  20  4:26  Zergling x2  
  23  4:35  Baneling x3  
  23  4:45  Zergling x2  
  22  5:08  Roach Warren  
  22  5:09  Drone x2  
  18  5:36  Zergling x6  
  21  5:46  Lair  
  21  6:12  Drone x2  
  23  6:32  Roach  
  27  6:33  Roach  
  26  6:41  Roach  
  26  6:46  Drone x4  
  26  6:47  Drone  
  33  7:15  Drone x3  
  33  7:16  Drone x4  
  33  7:20  Drone  
  41  7:28  Centrifical Hooks  
  41  7:33  Drone  
  41  7:36  Baneling x2  
  41  7:37  Baneling  
  42  7:45  Queen  
  42  7:49  Overlord  
  44  8:07  Zerg Ground Armor Level 1  
  44  8:10  Zergling x2  
  45  8:14  Drone x7  
  52  8:30  Overlord x2  
  52  8:42  Hydralisk Den  
  52  8:44  Overlord x2  
  52  8:48  Glial Reconstitution  
  51  8:50  Roach x2  
  51  8:51  Roach  
  57  8:59  Extractor  
  57  9:01  Extractor  
  55  9:08  Roach x4  
  55  9:09  Roach  
  65  9:21  Drone x5  
  70  9:26  Overseer  
  70  9:29  Hydralisk x2  
  74  9:49  Evolution Chamber  
  73  9:54  Overlord x4  
  73  10:12  Hatchery  
  72  10:15  Roach x6  
  72  10:17  Extractor  
  72  10:19  Zerg Missile Weapons Level 1  
  83  10:23  Drone  
  83  10:26  Zerg Ground Armor Level 2  
  84  10:35  Hydralisk x2  
  84  10:41  Extractor  
  87  10:57  Overlord x5  
  77  11:25  Roach x4  
  77  11:26  Roach  
  77  11:27  Hatchery  
  78  11:33  Hydralisk  
  78  11:34  Hydralisk  
  78  11:38  Pneumatized Carapace  
  82  11:52  Hydralisk x3  
  88  12:01  Hydralisk x2  
  88  12:06  Overseer  
  92  12:11  Drone x4  
  96  12:22  Zerg Missile Weapons Level 2  
  96  12:23  Lurker Den  
  77  12:44  Hydralisk x2  
  77  12:45  Hydralisk x5  
  89  12:56  Hatchery  
  86  13:12  Hydralisk x4  
  94  13:32  Drone x4  
  98  13:43  Infestation Pit, Hydralisk x4  
  105  13:55  Extractor  
  104  13:59  Lurker  
  104  14:00  Lurker x5  
  110  14:14  Hydralisk x3  
  116  14:18  Drone x4  
  120  14:26  Drone x4  
  120  14:30  Drone x2  
  126  14:45  Drone x2  
  126  14:46  Drone x5  
  133  14:55  Hive  
  133  14:59  Muscular Augments  
  131  15:37  Overlord x4  
  131  15:41  Overlord x2  
  131  15:57  Hydralisk x3  
  137  16:11  Grooved Spines  
  137  16:12  Zergling x2  
  137  16:13  Zergling x28  
  137  16:15  Hatchery  
  137  16:17  Zerg Missile Weapons Level 3  
  151  16:28  Overlord x2  
  151  16:29  Overlord x2  
  151  16:34  Queen  
  153  16:45  Overlord x2  
  153  16:46  Overlord  
  147  17:09  Hydralisk x5  
  147  17:10  Hydralisk x4  
  147  17:19  Hydralisk x3  
  117  17:39  Queen  
  101  17:54  Extractor  
  101  17:55  Extractor  
  96  18:10  Lurker x12  
  105  18:12  Hydralisk  
  105  18:13  Hydralisk x7  
  119  18:22  Drone x7  
  119  18:25  Adaptive Talons  
  126  18:50  Roach x3  
  126  18:51  Roach x2  
  126  18:52  Hatchery  
  126  18:54  Drone x2  
  137  19:03  Extractor  
  136  19:11  Hydralisk x5  
  146  19:31  Drone x7  
  153  19:37  Zerg Ground Armor Level 3  
  154  20:08  Hatchery  
  153  20:18  Hydralisk  
  153  20:19  Hydralisk x14  
  181  20:38  Drone x8  
  189  20:44  Zergling x12  
  189  20:45  Zergling x6  
  179  22:21  Hydralisk x10  
  199  22:26  Adrenal Glands  
  199  22:55  Hatchery  
  198  23:12  Extractor  
  197  23:18  Hydralisk  
  199  23:24  Spire  
Show
View Real Time Build Order
Export as new Build Order

TheNevermind Protoss 

Build Orders: Carriers 

Get SALT Encoding   

  12  0:01  Probe  
  13  0:13  Probe  
  14  0:18  Pylon  
  14  0:24  Probe  
  15  0:32  Probe  
  15  0:40  Probe  
  15  0:41  Gateway  
  16  0:46  Assimilator  
  17  0:51  Probe  
  17  0:56  Assimilator  
  18  1:03  Probe  
  19  1:15  Probe  
  20  1:25  Gateway  
  20  1:27  Probe  
  21  1:36  Cybernetics Core  
  21  1:38  Assimilator  
  22  1:44  Pylon  
  21  1:52  Pylon  
  21  1:54  Probe  
  22  2:05  Adept x2  
  22  2:15  Warp Gate  
  26  2:58  Probe  
  27  3:08  Nexus  
  27  3:10  Probe  
  24  3:50  Gateway x2  
  24  3:55  Gateway  
  24  3:58  Twilight Council  
  24  4:00  Pylon  
  24  4:03  Sentry x2  
  28  4:24  Adept  
  30  4:27  Blink  
  30  4:32  Adept  
  32  4:49  Adept x3  
  38  5:30  Nexus  
  38  5:31  Pylon  
  38  5:32  Probe  
  38  5:34  Pylon  
  39  5:37  Assimilator  
  39  5:38  Pylon  
  39  5:41  Pylon x2  
  39  5:43  Assimilator  
  39  5:49  Probe  
  40  5:53  Shield Battery x2  
  40  6:01  Probe  
  40  6:02  Stalker x3  
  47  6:04  Stalker x2  
  51  6:14  Probe  
  52  6:26  Probe  
  53  6:39  Probe  
  54  6:51  Probe  
  55  6:58  Stargate, Probe  
  55  6:59  Stargate  
  55  7:00  Probe  
  56  7:04  Pylon  
  56  7:06  Probe  
  57  7:08  Probe  
  57  7:14  Probe  
  59  7:17  Probe  
  61  7:23  Charge  
  61  7:25  Probe  
  61  7:29  Probe  
  63  7:37  Probe  
  63  7:41  Probe  
  65  7:49  Probe  
  66  7:57  Probe  
  67  7:59  Void Ray x2  
  67  8:01  Probe  
  76  8:10  Probe  
  77  8:14  Probe  
  78  8:32  Void Ray x2  
  86  8:50  Stargate  
  86  8:53  Pylon, Stargate  
  86  8:57  Probe x2  
  86  8:58  Pylon  
  88  9:09  Probe x2  
  90  9:12  Nexus, Protoss Air Weapons Level 1  
  90  9:14  Assimilator  
  90  9:15  Void Ray  
  94  9:19  Assimilator, Void Ray  
  94  9:21  Pylon  
  98  9:24  Pylon  
  98  9:28  Probe x2  
  100  9:38  Cybernetics Core  
  100  9:40  Probe x2  
  102  9:53  Probe x2  
  104  10:05  Probe x2  
  106  10:10  Fleet Beacon  
  106  10:17  Probe x2  
  108  10:29  Probe x2  
  108  10:30  Zealot x3  
  108  10:31  Zealot x2  
  108  10:33  Protoss Air Armor Level 1  
  120  10:49  Void Ray x2  
  124  10:50  Void Ray  
  124  10:54  Void Ray  
  132  11:32  Void Ray x3  
  144  11:42  Void Ray  
  148  11:50  Shield Battery  
  148  11:52  Shield Battery  
  148  11:54  Shield Battery  
  148  11:55  Probe  
  148  11:56  Pylon, Shield Battery  
  149  12:03  Pylon  
  149  12:08  Nexus  
  149  12:11  Pylon  
  149  12:14  Pylon, Probe x3  
  149  12:15  Pylon  
  152  12:17  Pylon  
  152  12:21  Pylon  
  152  12:25  Assimilator  
  152  12:26  Probe  
  152  12:27  Pylon  
  153  12:30  Assimilator  
  153  12:33  Shield Battery  
  153  12:34  Shield Battery  
  153  12:35  Pylon, Shield Battery  
  153  12:38  Shield Battery  
  133  12:55  Tempest x4  
  153  13:12  Protoss Air Weapons Level 2, Protoss Air Armor Level 2  
  153  13:45  Forge  
  153  13:49  Shield Battery  
  153  13:58  Tempest x4  
  173  14:38  Protoss Shields Level 1  
  173  14:59  Carrier x4  
  185  15:38  Protoss Air Weapons Level 3, Protoss Air Armor Level 3  
  185  15:53  Carrier x2  
  185  15:59  Stargate  
  185  16:02  Stargate  
  197  16:04  Stargate  
  197  16:08  Stargate  
  159  17:09  Protoss Shields Level 2  
  155  17:19  Void Ray x8  
  163  17:54  Gateway  
  163  17:56  Gateway  
  163  17:58  Gateway x2  
  163  18:00  Gateway  
  163  18:01  Gateway, Void Ray x2  
  163  18:02  Void Ray, Gateway x2  
  163  18:03  Gateway  
  175  18:06  Gateway  
  175  18:07  Gateway  
  175  18:10  Gateway  
  175  18:27  Nexus  
  175  18:29  Assimilator  
  175  18:34  Assimilator  
  175  18:36  Pylon  
  175  18:39  Pylon  
  175  18:47  Void Ray x2  
  178  20:03  Protoss Shields Level 3  
  178  20:21  Oracle x2  
  184  20:23  Carrier x2  
  196  21:31  Zealot  
  196  21:32  Zealot  
  175  21:45  Void Ray x2  
  175  21:46  Void Ray x6  
  121  22:18  Stalker x5  
  121  22:19  Stalker x2  
  135  22:28  Void Ray x3  
  135  22:29  Void Ray x5  
  167  22:50  Stalker  
  167  22:51  Stalker x6  
  173  22:52  Stalker x3  
  184  23:11  Void Ray x4  
Show
View Real Time Build Order
Export as new Build Order

Throwfordays Protoss 

Build Orders:  

Get SALT Encoding   

  12  0:00  Probe  
  13  0:12  Probe  
  14  0:20  Pylon  
  14  0:25  Probe  
  15  0:35  Pylon  
  15  0:38  Probe  
  16  0:50  Probe  
  16  0:55  Gateway  
  17  1:01  Assimilator  
  17  1:04  Probe  
  18  1:16  Probe  
  19  1:28  Probe  
  20  1:41  Pylon  
  20  1:45  Zealot  
  22  1:52  Cybernetics Core  
  22  1:55  Gateway  
  22  2:09  Warp Gate  
  22  2:12  Forge  
  22  2:36  Nexus, Adept  
  24  2:56  Nexus  
  24  3:00  Assimilator  
  24  3:06  Adept  
  26  3:18  Assimilator  
  26  3:33  Adept  
  28  3:36  Adept  
  28  3:38  Protoss Ground Weapons Level 1  
  27  3:50  Assimilator, Probe  
  27  3:55  Assimilator  
  28  4:02  Probe  
  29  4:05  Probe  
  30  4:13  Probe  
  30  4:14  Probe  
  31  4:22  Probe  
  32  4:24  Probe  
  32  4:26  Probe  
  35  4:34  Probe  
  37  4:38  Probe  
  37  4:40  Probe  
  38  4:46  Probe  
  38  4:48  Probe  
  38  4:50  Probe  
  38  4:51  Adept  
  43  4:54  Adept  
  43  4:58  Probe x2  
  46  5:02  Probe  
  48  5:10  Probe  
  48  5:12  Gateway  
  49  5:14  Gateway, Probe  
  49  5:15  Gateway  
  49  5:20  Probe  
  50  5:22  Probe  
  50  5:23  Pylon  
  50  5:27  Probe  
  53  5:28  Probe  
  53  5:34  Probe  
  55  5:39  Adept x2, Probe  
  60  5:47  Probe x2  
  62  5:51  Probe  
  62  5:52  Twilight Council  
  63  5:59  Forge, Probe  
  63  6:01  Robotics Facility  
  63  6:03  Robotics Facility  
  64  6:10  Stalker x3  
  64  6:11  Stalker x2, Probe  
  74  6:17  Pylon  
  75  6:20  Probe  
  67  6:32  Probe  
  65  6:40  Stalker x4  
  65  6:41  Stalker  
  65  6:44  Probe  
  65  6:45  Protoss Ground Weapons Level 2  
  65  6:46  Resonating Glaives  
  76  7:37  Pylon  
  76  7:38  Pylon  
  76  7:40  Pylon  
  76  7:41  Pylon  
  76  7:55  Probe  
  77  8:07  Nexus, Probe  
  77  8:10  Pylon  
  86  8:12  Immortal  
  86  8:13  Immortal  
  86  8:19  Probe  
  87  8:32  Robotics Bay, Probe  
  88  8:37  Protoss Shields Level 1  
  88  8:44  Probe  
  89  8:52  Immortal x2  
  97  9:15  Blink  
  97  9:28  Probe  
  97  9:30  Probe  
  101  9:31  Observer x2  
  101  9:33  Stalker x2  
  101  9:36  Stalker  
  107  9:41  Probe  
  107  9:42  Probe  
  109  9:53  Probe  
  109  9:54  Probe  
  109  9:56  Assimilator  
  111  10:00  Assimilator  
  111  10:05  Probe  
  111  10:06  Probe  
  113  10:17  Probe  
  113  10:18  Probe  
  115  10:21  Colossus  
  121  10:29  Pylon  
  121  10:30  Pylon, Probe  
  121  10:32  Pylon, Protoss Ground Weapons Level 3  
  122  10:37  Protoss Shields Level 2  
  122  10:42  Probe  
  122  10:46  Colossus  
  127  11:23  Extended Thermal Lance  
  124  11:47  Stalker x5  
  134  12:04  Probe  
  135  12:12  Protoss Air Weapons Level 1  
  135  12:16  Probe  
  135  12:23  Adept x2  
  135  12:24  Stalker x2  
  135  12:25  Stalker  
  145  12:31  Probe  
  108  12:53  Nexus  
  108  13:03  Gravitic Boosters  
  108  13:05  Protoss Ground Armor Level 1  
  108  13:09  Protoss Shields Level 3  
  102  13:29  Pylon  
  102  13:31  Pylon, Stalker  
  102  13:32  Stalker x4  
  112  13:34  Pylon  
  112  13:41  Pylon  
  112  13:56  Stargate x2  
  112  13:59  Stargate  
  112  14:01  Stargate  
  112  14:02  Stargate  
  112  14:03  Stargate  
  112  14:09  Pylon  
  112  14:12  Pylon  
  112  14:15  Pylon  
  112  14:17  Pylon  
  112  14:24  Stalker x4  
  112  14:25  Stalker  
  112  14:29  Colossus x2  
  134  14:33  Probe  
  134  14:34  Probe  
  136  14:44  Protoss Air Armor Level 1  
  136  14:45  Probe  
  137  14:46  Probe  
  137  14:48  Phoenix x6  
  149  14:57  Probe  
  149  14:59  Probe  
  151  15:08  Fleet Beacon  
  151  15:09  Probe  
  151  15:11  Probe  
  151  15:13  Phoenix x6  
  165  15:18  Assimilator  
  165  15:21  Probe  
  165  15:22  Assimilator  
  165  15:23  Probe  
  159  15:29  Stalker x3  
  159  15:30  Stalker x2  
  169  15:38  Phoenix x2  
  173  15:43  Anion Pulse-Crystals  
  173  15:51  Cybernetics Core  
  173  16:01  Probe  
  174  16:05  Stalker x2  
  174  16:06  Stalker x3  
  184  16:12  Phoenix x2  
  184  16:13  Probe  
  189  16:36  Observer x2  
  187  16:57  Observer  
  187  16:58  Observer  
  141  17:19  Observer  
  128  17:25  Protoss Ground Armor Level 2  
  111  17:31  Stalker x5  
  111  17:35  Protoss Air Weapons Level 2  
  90  17:46  Protoss Air Armor Level 2  
  78  17:58  Adept x5  
  84  18:24  Probe  
  84  18:26  Probe  
  86  18:31  Probe  
  87  18:36  Probe  
  87  18:38  Probe  
  89  18:43  Probe  
  89  18:46  Void Ray x3  
  89  18:47  Void Ray x3  
  89  18:48  Probe  
  115  18:50  Probe  
  116  18:55  Probe  
  116  19:00  Probe  
  116  19:02  Probe  
  119  19:07  Probe  
  120  19:14  Probe  
  121  19:20  Probe  
  122  19:29  Void Ray x2  
  126  19:55  Protoss Air Armor Level 3  
  126  19:58  Void Ray x4  
  142  20:14  Void Ray  
  136  21:03  Stalker x2  
  136  21:04  Stalker x3  
  76  21:58  Colossus x2  
  82  22:47  Colossus  
  86  23:15  Void Ray  
Show
View Real Time Build Order
Export as new Build Order

Faust Zerg 

Build Orders: 1 Base Baneling Bust, Pool First 

Get SALT Encoding   

  12  0:27  Drone x2  
  14  0:30  Spawning Pool  
  13  0:36  Drone  
  13  0:37  Extractor  
  13  0:39  Drone  
  14  0:54  Overlord  
  14  1:17  Queen  
  14  1:18  Zergling x4  
  18  1:22  Zergling x2  
  19  1:38  Overlord  
  19  1:41  Metabolic Boost  
  19  1:47  Zergling x2  
  20  2:03  Drone  
  20  2:06  Zergling x2, Baneling Nest  
  21  2:29  Zergling x6  
  24  2:43  Zergling x4  
  24  2:44  Zergling x2  
  25  2:58  Zergling x2  
  26  3:13  Baneling  
  26  3:16  Zergling x2  
  26  3:17  Zergling x2  
  28  3:31  Baneling  
  28  3:32  Baneling  
  28  3:56  Hatchery  
  23  4:10  Zergling x8  
  26  4:19  Zergling x4  
  26  4:20  Zergling x2  
  26  4:21  Baneling  
  16  5:16  Drone x6  
  16  5:18  Queen  
  16  5:19  Overlord x2  
  23  5:25  Roach Warren  
  22  5:32  Drone x2  
  24  5:43  Drone x2  
  24  5:49  Drone  
  27  5:56  Drone  
  27  5:57  Drone  
  29  6:01  Drone  
  30  6:08  Drone x2  
  30  6:09  Drone  
  33  6:17  Drone  
  34  6:33  Roach  
  34  6:34  Roach x5  
  46  6:40  Roach  
  46  6:41  Zergling x4  
  50  6:50  Lair  
  50  6:52  Drone x2  
  52  7:06  Baneling x2  
  52  7:07  Baneling x2  
  52  7:12  Extractor  
  52  7:13  Extractor, Drone  
  52  7:14  Overlord x2  
  51  7:17  Drone  
  52  7:37  Drone x2  
  52  7:38  Drone x3  
  52  7:44  Drone x2  
  58  7:50  Overlord x2  
  59  7:58  Glial Reconstitution, Hydralisk Den  
  58  8:05  Spore Crawler  
  58  8:08  Spore Crawler  
  58  8:10  Overseer  
  56  8:14  Pneumatized Carapace  
  56  8:16  Burrow  
  56  8:18  Roach x5  
  66  8:41  Hydralisk  
  66  8:42  Hydralisk x4  
  76  8:51  Overlord x3  
  76  8:55  Extractor  
  75  8:56  Drone  
  75  8:57  Evolution Chamber  
  75  9:02  Muscular Augments  
  75  9:03  Evolution Chamber  
  74  9:28  Hydralisk  
  74  9:29  Hydralisk x5  
  86  9:39  Zerg Missile Weapons Level 1  
  86  9:43  Drone x3, Overlord x2  
  89  9:55  Overlord x2  
  89  10:11  Drone x2  
  91  10:16  Hatchery  
  90  10:30  Lurker Den  
  89  10:38  Drone x5  
  89  10:39  Drone x4  
  88  11:24  Hydralisk x2  
  88  11:25  Hydralisk x5  
  96  11:34  Queen  
  96  11:35  Drone  
  96  11:36  Drone  
  100  11:48  Drone  
  100  11:49  Drone x3  
  104  12:01  Zerg Ground Armor Level 1, Zerg Missile Weapons Level 2  
  104  12:02  Hatchery  
  103  12:09  Tunneling Claws  
  103  12:11  Grooved Spines  
  103  12:28  Drone x5  
  96  12:48  Hydralisk x6  
  96  12:49  Hydralisk x6  
  114  13:10  Infestation Pit  
  114  13:11  Drone x2  
  114  13:12  Extractor x2, Drone x4  
  118  13:13  Overlord  
  117  13:53  Overlord x3  
  117  13:58  Zerg Ground Armor Level 2  
  117  14:04  Hive  
  117  14:06  Evolution Chamber  
  116  14:10  Drone x2  
  116  14:11  Drone x5  
  116  14:14  Hydralisk x6  
  116  14:15  Hydralisk x6  
  147  14:26  Centrifical Hooks  
  147  14:33  Spire  
  144  14:40  Hydralisk x8  
  159  15:12  Zergling x8  
  158  15:48  Overlord x3  
  158  15:53  Extractor  
  157  16:03  Corruptor  
  157  16:04  Corruptor  
  159  16:05  Overlord x2  
  159  16:06  Overlord x2, Spire  
  159  16:08  Drone x3  
  163  16:13  Hatchery  
  158  16:27  Overseer  
  158  16:28  Overseer  
  158  16:32  Overseer  
  158  16:33  Zergling x2, Corruptor x4  
  148  17:03  Corruptor x4  
  148  17:06  Zergling x2  
  148  17:07  Zergling x2  
  157  17:08  Zergling x6  
  86  17:43  Corruptor  
  79  17:44  Corruptor x3  
  79  17:49  Zergling x2  
  79  17:50  Zergling x8  
  78  17:59  Zerg Melee Weapons Level 1  
  78  18:02  Zergling x2  
  78  18:03  Zergling x4  
  79  18:20  Extractor, Drone x3  
  81  18:27  Drone x3  
  73  18:59  Zergling x18  
  73  19:02  Drone x3  
  85  19:03  Hatchery  
  84  19:19  Queen  
  84  19:20  Drone  
  84  19:21  Drone x2  
  62  20:01  Corruptor x2  
  66  20:14  Zerg Melee Weapons Level 2  
  66  20:34  Zerg Flyer Weapons Level 1  
  66  20:36  Zerg Flyer Armor Level 1  
  66  20:58  Corruptor x9  
  10  22:11  Zergling x6  
  13  22:31  Baneling x6  
  13  22:34  Zergling x4  
  15  22:53  Baneling  
  15  22:54  Baneling x3  
  15  22:59  Drone x2  
  17  23:32  Hatchery  
  16  23:38  Extractor  
  15  23:46  Hatchery  
  14  23:55  Baneling x10  
Tags
 
Add a new tag
Caveats
  • Supply blocks, unpowered buildings, or Contaminate may cause inaccurate times.
  • Supply counts are checked every 10 seconds.